Map: Ever Dream LE

Players

antagomiR - Winner!

  • Race: Protoss Protoss
  • League: Gold
  • Spawn Location: 7:00

filzman

  • Race: Zerg Zerg
  • League: Gold
  • Spawn Location: 1:00

VOD

Have the link to the VOD?

Description

Time

  • Played on: April 11, 2020, 12:57 a.m.
  • Length: 14:17
Show
View Real Time Build Order
Export as new Build Order

antagomiR Protoss - Winner!

Build Orders: Archon Immortal 

Get SALT Encoding   

  12  0:00  Probe  
  13  0:18  Probe  
  14  0:22  Pylon  
  14  0:30  Probe  
  15  0:42  Probe  
  16  0:45  Gateway  
  16  0:54  Probe  
  16  0:55  Assimilator  
  17  1:08  Probe  
  18  1:12  Assimilator  
  18  1:20  Probe  
  19  1:36  Cybernetics Core  
  18  1:48  Probe  
  19  2:00  Probe  
  20  2:08  Nexus  
  20  2:12  Warp Gate, Probe  
  21  2:27  Stalker (Chrono Boost), Shield Battery  
  23  2:46  Pylon  
  23  3:04  Probe  
  23  3:05  Sentry  
  26  3:06  Robotics Facility  
  26  3:17  Probe, Pylon  
  27  3:25  Probe  
  28  3:29  Probe  
  28  3:31  Sentry  
  31  3:37  Probe  
  31  3:41  Probe  
  33  3:49  Probe  
  33  3:53  Probe  
  35  3:57  Zealot  
  35  4:00  Gateway  
  35  4:01  Probe, Gateway  
  38  4:05  Probe  
  38  4:06  Observer  
  40  4:13  Probe  
  41  4:17  Probe  
  42  4:25  Probe  
  42  4:29  Probe  
  42  4:31  Twilight Council  
  44  4:35  Pylon x2  
  44  4:37  Immortal  
  48  4:47  Probe x2  
  48  4:50  Assimilator  
  50  4:53  Assimilator  
  50  4:58  Pylon, Stalker  
  50  4:59  Probe  
  53  5:01  Sentry  
  53  5:06  Phoenix  
  55  5:11  Zealot  
  55  5:13  Probe x2  
  59  5:21  Charge (Chrono Boost)  
  59  5:22  Immortal  
  59  5:25  Probe  
  59  5:26  Probe  
  65  5:38  Probe x2  
  67  5:50  Probe  
  67  5:53  Probe  
  69  5:59  Pylon  
  69  6:01  Pylon, Observer  
  69  6:02  Probe  
  71  6:06  Forge  
  71  6:13  Zealot  
  71  6:14  Zealot x2  
  77  6:21  Pylon  
  77  6:23  Pylon, Immortal  
  81  6:35  Protoss Ground Weapons Level 1 (Chrono Boost)  
  81  6:42  Probe x2  
  81  6:43  Phoenix  
  83  6:52  Zealot x3  
  83  6:54  Probe  
  90  7:01  Templar Archives  
  90  7:02  Immortal  
  90  7:03  Pylon  
  90  7:07  Pylon  
  94  7:09  Pylon  
  93  7:30  Zealot  
  93  7:31  Zealot x2  
  99  7:41  Observer  
  100  7:54  Nexus  
  100  7:57  Pylon  
  100  8:00  Pylon  
  100  8:02  Immortal  
  104  8:18  High Templar  
  104  8:19  High Templar  
  108  8:25  Gateway  
  108  8:27  Gateway  
  108  8:28  Gateway x2  
  108  8:30  Gateway  
  108  8:32  Gateway  
  108  8:34  Gateway  
  108  8:36  Gateway, Archon  
  108  8:37  Gateway  
  108  8:42  Immortal  
  111  9:00  Observer  
  111  9:01  High Templar x3  
  117  9:10  Archon  
  117  9:21  Protoss Ground Weapons Level 2 (Chrono Boost), Shield Battery  
  117  9:22  Shield Battery  
  117  9:30  Immortal  
  121  9:48  Zealot  
  121  9:49  Zealot x2  
  121  9:50  High Templar x5  
  121  9:51  High Templar  
  139  10:09  Stalker x4  
  139  10:10  Stalker x2  
  151  10:17  Assimilator  
  151  10:21  Assimilator  
  149  10:26  Photon Cannon  
  149  10:28  Photon Cannon  
  148  10:29  Archon  
  148  10:30  Archon x2  
  148  10:31  Gateway, Photon Cannon  
  148  10:33  Stalker x3  
  148  10:35  Gateway  
  154  10:46  Photon Cannon  
  154  11:22  Photon Cannon  
  154  11:24  High Templar x4, Photon Cannon  
  162  11:28  Archon x2, Photon Cannon  
  162  11:44  Probe x2  
  164  11:47  Probe  
  164  11:52  Photon Cannon  
  165  11:55  Pylon  
  165  11:57  Pylon  
  165  12:00  Pylon  
  165  12:10  Nexus  
  165  12:13  Probe x3  
  165  12:15  Pylon  
  168  12:22  Pylon  
  168  12:25  Probe  
  168  12:26  High Templar x3  
  168  12:27  High Templar x2  
  179  12:32  Archon x2  
  179  12:35  Archon  
  179  12:36  Zealot x6  
  191  12:37  Zealot x2  
  111  14:11  Zealot x2  
  111  14:12  Zealot x5  
  111  14:13  Zealot x3  
  111  14:14  Zealot  
Show
View Real Time Build Order
Export as new Build Order

filzman Zerg 

Build Orders: Hatch First 

Get SALT Encoding   

  12  0:01  Drone  
  13  0:13  Overlord  
  13  0:16  Drone  
  14  0:22  Extractor  
  14  0:23  Drone  
  15  0:33  Drone  
  15  0:35  Drone  
  17  0:56  Hatchery  
  16  1:13  Drone, Spawning Pool  
  16  1:14  Drone  
  17  1:19  Drone  
  18  1:26  Drone  
  19  1:36  Overlord  
  19  1:55  Drone  
  19  1:56  Extractor  
  19  2:06  Drone  
  19  2:08  Queen  
  22  2:16  Queen  
  22  2:21  Zergling x4  
  26  2:24  Drone x2  
  26  2:29  Extractor  
  27  2:43  Queen  
  29  2:51  Extractor  
  29  2:52  Queen  
  29  2:53  Overlord  
  30  3:16  Metabolic Boost  
  30  3:17  Hatchery  
  29  3:26  Drone  
  29  3:27  Drone x5  
  35  3:40  Evolution Chamber  
  34  3:48  Pneumatized Carapace  
  34  3:49  Overlord  
  34  4:03  Drone x6  
  34  4:09  Drone  
  42  4:10  Drone x2  
  42  4:11  Drone  
  42  4:12  Drone  
  45  4:17  Overlord  
  45  4:23  Drone  
  46  4:29  Zerg Melee Weapons Level 1  
  46  4:33  Drone x3  
  49  4:40  Overlord  
  49  4:43  Drone x2  
  51  4:48  Roach Warren  
  51  4:50  Drone x3  
  53  4:59  Extractor  
  52  5:00  Lair  
  52  5:01  Overlord  
  52  5:08  Drone  
  53  5:16  Extractor  
  53  5:19  Overlord  
  52  5:29  Roach x4  
  60  5:37  Drone x4  
  64  5:45  Drone x3  
  64  5:46  Drone  
  64  5:47  Drone x2  
  70  5:56  Drone  
  71  6:00  Evolution Chamber  
  71  6:01  Hydralisk Den  
  69  6:07  Drone x4  
  69  6:08  Drone  
  74  6:11  Spore Crawler  
  74  6:16  Overseer  
  73  6:24  Zerg Ground Armor Level 1  
  73  6:28  Zerg Missile Weapons Level 1  
  73  6:31  Glial Reconstitution  
  73  6:33  Overlord x4  
  73  6:34  Overlord x3  
  73  6:37  Drone x4  
  73  6:38  Drone x5  
  82  6:41  Extractor  
  82  6:42  Extractor  
  80  6:50  Burrow  
  80  6:53  Grooved Spines  
  80  6:55  Zergling x14  
  80  6:56  Zergling x2  
  88  7:08  Hydralisk x4  
  90  7:11  Drone  
  90  7:12  Drone  
  98  7:37  Overseer  
  98  7:39  Spire, Drone  
  98  7:41  Overlord x3  
  98  7:42  Hydralisk x3  
  98  7:43  Hydralisk x2  
  108  7:47  Zergling x10  
  113  8:09  Overlord x5  
  113  8:17  Zerg Melee Weapons Level 2  
  113  8:31  Zergling x10  
  113  8:32  Zergling x8  
  122  8:34  Zerg Missile Weapons Level 2  
  122  8:39  Infestation Pit  
  108  9:02  Zerg Flyer Weapons Level 1  
  106  9:05  Mutalisk x3  
  106  9:06  Mutalisk x5  
  122  9:13  Zergling x10  
  127  9:36  Hive  
  127  9:46  Hatchery  
  127  9:47  Muscular Augments  
  126  10:00  Hydralisk x4  
  126  10:01  Roach x2  
  126  10:02  Roach x5  
  126  10:05  Ravager x4  
  152  10:33  Zerg Ground Armor Level 2  
  152  10:55  Zergling x12  
  152  10:56  Zergling x6  
  161  10:57  Hatchery  
  161  10:59  Zerg Flyer Armor Level 1  
  160  11:15  Adrenal Glands  
  160  11:17  Zerg Missile Weapons Level 3  
  160  11:20  Spire  
  160  11:24  Drone x2  
  161  11:30  Overseer  
  161  11:33  Hydralisk  
  161  11:34  Hydralisk x7  
  161  11:35  Hydralisk  
  179  11:54  Corruptor x3  
  185  12:36  Greater Spire  
  185  12:59  Zergling x4  
  185  13:00  Zergling x14  
  185  13:01  Zergling x12  
  133  13:59  Zergling x12  
  133  14:00  Zergling x12  
Tags
 
Composition
Archon Immortal
League
GoldGold
Matchup
PvZ
Replay Pack
20200422
Spawn Locations
Cross Positions
Add a new tag
Caveats
  • Supply blocks, unpowered buildings, or Contaminate may cause inaccurate times.
  • Supply counts are checked every 10 seconds.